[Event "Vugar Gashimov Memorial Blitz 2024"]
[Site "Shusha"]
[Date "2024.09.28"]
[Round "5.3"]
[White "Mamedov, Rauf"]
[Black "Nepomniachtchi, Ian"]
[Result "1/2-1/2"]
[ECO "B25"]
[WhiteElo "2637"]
[BlackElo "2755"]
[Annotator "TA"]
[PlyCount "88"]
[EventDate "2024.09.28"]
[EventType "tourn"]
[EventCountry "AZE"]
[SourceTitle "playchess.com"]
[Source "ChessBase"]
[SourceQuality "1"]
[TimeControl "180+2"]

1. e4 c5 2. Nf3 d6 3. Nc3 Nf6 4. g3 g6 5. Bg2 Bg7 6. O-O O-O 7. Re1 Nc6 8. d3 Rb8 9. a4 a6 10. e5 dxe5 11. Nxe5 Nd4 {[%emt 0:00:01] White has an edge.} 12. a5 Be6 13. h3 (13. Na4 $14 {feels stronger.}) 13... Nd5 $11 14. Nxd5 Bxd5 15. Nf3 e6 16. h4 h6 17. Bf4 Rc8 18. c3 Nb3 19. Ra3 Nxa5 20. Qc1 Kh7 21. Qc2 Nc6 22. Ra4 Qd7 23. h5 g5 ({Much worse is} 23... gxh5 $6 24. d4+ Kg8 25. dxc5 $11) 24. Be3 Nd4 25. Nxd4 {[%emt 0:00:08] [#]} (25. cxd4 $2 {too greedy.} cxd4 26. Rc4 dxe3 27. Rxe3 Bxc4 28. dxc4+ Kg8 $19) (25. Bxd4 $17 {was the only chance.} cxd4 26. Ne5 Bxe5 27. Rxe5 Bxg2 28. Kxg2) 25... cxd4 $2 (25... Bxg2 $1 $19 26. Kxg2 cxd4) 26. Bxd4 Bxg2 27. Bxg7 $1 Kxg7 28. Kxg2 Rfd8 29. Re3 Rc5 30. Rae4 Qc6 31. Kg1 {[%emt 0:00:02] The position is equal.} b5 32. Qe2 (32. d4 $5 Rf5 $8 33. b3 $11) 32... Rd6 33. d4 Rcd5 34. Re5 a5 35. Rxd5 Rxd5 {[%emt 0:00:01][%mdl 4096] Endgame. KQR-KQR} 36. Re5 b4 (36... Qd6 {simplifies} 37. Kh2 Kf8 38. Qe4 Rxe5 39. dxe5 Qd1) 37. c4 Rxd4 38. Rxg5+ $1 Kh7 39. Rxa5 Rxc4 40. Ra1 Rc2 41. Qd3+ Kg8 {[%emt 0:00:07] [#] ...Rc1+ would now be deadly.} 42. Qd8+ Kh7 {[%emt 0:00:00][%cal Oc6f3] ...Qf3! is the strong threat.} 43. Qd3+ Kg8 {[%emt 0:00:03] Threatens to win with ...Rc1+.} 44. Qd8+ Kh7 {[%emt 0:00:01] Weighted Error Value: White=0.14 (very precise) /Black=0.18 (very precise) .  Loses game:     	White=1     	---        Missed win:     	---       	Black=1      Mistake:       	White=1     	---        Inaccurate:     	White=3     	Black=2      OK:         	White=15    	Black=15     Best:        	White=1     	---        Strong:       	White=2     	---} 1/2-1/2

[Event "Vugar Gashimov Memorial Blitz 2024"]
[Site "Shusha"]
[Date "2024.09.28"]
[Round "5.4"]
[White "Aravindh, Chithambaram VR."]
[Black "Suleymanli, Aydin"]
[Result "1/2-1/2"]
[ECO "C49"]
[WhiteElo "2698"]
[BlackElo "2632"]
[Annotator "RC"]
[PlyCount "115"]
[EventDate "2024.09.28"]
[EventType "tourn"]
[EventCountry "AZE"]
[SourceTitle "playchess.com"]
[Source "ChessBase"]
[SourceQuality "1"]
[TimeControl "180+2"]

1. e4 e5 2. Nf3 Nc6 3. Nc3 Nf6 4. Bb5 Bb4 5. O-O O-O 6. d3 Bxc3 7. bxc3 d6 8. Bg5 h6 9. Bh4 Qe7 10. d4 Bd7 11. Rb1 a6 12. Bd3 b5 13. h3 Rfe8 14. Qc1 Na5 15. Qa3 Nb7 16. c4 c5 17. d5 b4 18. Qc1 a5 19. g4 Kh8 20. Kh1 Rg8 21. Ne1 g5 22. Bg3 h5 23. f3 h4 24. Bf2 Nh7 25. Ng2 Nf8 26. a3 Rg7 27. c3 Rc8 28. cxb4 axb4 29. axb4 cxb4 30. Rxb4 Nc5 31. Bc2 Ng6 32. Rb6 Kh7 33. Qa3 Rgg8 34. Qb4 Ra8 35. Bxc5 dxc5 36. Qd2 Ra2 37. Rb7 Qd6 38. Rfb1 Rga8 39. R1b6 Qe7 40. Ne3 Qd8 41. Nf5 Ra1+ 42. Bb1 R1a7 43. Rxa7 Rxa7 44. Qb2 Ra4 45. Rb8 Qa5 46. Kh2 Rxc4 47. Bd3 Rc3 48. Qd2 Qa3 49. Be2 Nf4 50. Rb7 Rxf3 51. Rxd7 Rxh3+ 52. Kg1 Rh1+ 53. Kf2 Rh2+ 54. Kg1 Rh1+ 55. Kf2 Rh2+ 56. Kg1 Rh1+ 57. Kf2 Rh2+ 58. Kg1 1/2-1/2

[Event "Vugar Gashimov Memorial Blitz 2024"]
[Site "Shusha"]
[Date "2024.09.28"]
[Round "6.1"]
[White "Mamedyarov, Shakhriyar"]
[Black "Suleymanli, Aydin"]
[Result "1/2-1/2"]
[ECO "A14"]
[WhiteElo "2733"]
[BlackElo "2632"]
[Annotator "TA"]
[PlyCount "58"]
[EventDate "2024.09.28"]
[EventType "tourn"]
[EventCountry "AZE"]
[SourceTitle "playchess.com"]
[Source "ChessBase"]
[SourceQuality "1"]
[TimeControl "180+2"]

1. Nf3 Nf6 2. g3 d5 3. Bg2 e6 4. O-O Be7 5. c4 O-O 6. b3 c5 7. cxd5 Nxd5 8. Bb2 Nc6 9. Nc3 Bf6 10. Qc2 b6 11. Nxd5 exd5 {[%emt 0:00:06] [#]} 12. d4 $1 Be6 {[%emt 0:00:50] White is slightly better.} (12... Nb4 13. Qd2) 13. dxc5 Bxb2 14. Qxb2 bxc5 15. Rac1 c4 16. Rfd1 {[%emt 0:00:20] And now bxc4 would win.} Rb8 $1 17. Qd2 h6 18. Rc3 Qa5 19. Rdc1 Rfd8 20. e3 {[%emt 0:00:03] [#]} Bg4 (20... Nb4 $1 $17 21. a4 Nc6) 21. Nd4 Nxd4 22. Qxd4 Be6 23. R1c2 (23. Bf1 $11) 23... Qb6 ({Black should try} 23... Rb4 $17 {aiming for ...cxb3.} 24. Qe5 cxb3 25. axb3 Rxb3) 24. Rd2 $11 Qa5 25. h4 Rd7 26. Kh2 Rb4 27. Qe5 Rb5 {[%emt 0:00:02][%cal Od5d4] ...d4! is the strong threat.} 28. Qd4 Rb4 29. Qe5 Rb5 {[%emt 0:00:00] Weighted Error Value: White=0.15 (very precise) /Black=0.12 (very precise) .  Mistake:       	White=1     	Black=2      Inaccurate:     	White=3     	Black=1      OK:         	White=6     	Black=10     Best:        	White=1     	Black=1      Strong:       	---       	Black=1} 1/2-1/2

[Event "Vugar Gashimov Memorial Blitz 2024"]
[Site "Shusha"]
[Date "2024.09.28"]
[Round "6.2"]
[White "Nepomniachtchi, Ian"]
[Black "Aravindh, Chithambaram VR."]
[Result "1-0"]
[ECO "C36"]
[WhiteElo "2755"]
[BlackElo "2698"]
[Annotator "TA"]
[PlyCount "57"]
[EventDate "2024.09.28"]
[EventType "tourn"]
[EventCountry "AZE"]
[SourceTitle "playchess.com"]
[Source "ChessBase"]
[SourceQuality "1"]
[TimeControl "180+2"]

1. e4 e5 2. f4 exf4 3. Nf3 d5 4. exd5 Nf6 5. Bb5+ c6 6. dxc6 Nxc6 7. Nc3 Bd6 {[%emt 0:00:16] Repels Ne5} 8. Qe2+ Be6 9. Nd4 {[%emt 0:00:01] The position is equal.} O-O 10. Nxe6 fxe6 11. Bxc6 bxc6 12. b3 Nd5 {[%emt 0:00:11][%cal Of4f3] Hoping for ...f3!} 13. Bb2 Qh4+ {[%emt 0:00:11] [#]} 14. g3 $1 fxg3 {[%emt 0:00:02] [#]} (14... Qh6 $11 15. O-O-O f3 (15... fxg3 16. hxg3 Qg6 17. Rh4 $18)) (14... Qf6 15. O-O-O) 15. O-O-O $1 $16 Nf4 (15... gxh2 $2 {perishes.} 16. Qxe6+ Kh8 17. Qxd6 $18) 16. Qe1 Qg4 {[%emt 0:00:17] And now ...g2 would win.} 17. hxg3 (17. Qxg3 $2 {loses.} Ne2+ 18. Nxe2 Bxg3 $19) 17... Nd5 18. Ne4 Be7 19. Nf2 $36 {[%emt 0:00:11][%mdl 2048] White has strong initiative.} Qf5 20. Nd3 Bf6 21. Bxf6 Rxf6 22. Rh4 a5 {[%emt 0:00:08][%cal Od5b4] [#]} 23. a4 $1 c5 (23... Rd8 $142 24. Rc4 Ne7) 24. Rc4 $18 Nb4 25. Nxb4 (25. Nxc5 $18 h5 26. Kb2) 25... cxb4 $16 26. Qe3 h6 27. g4 {[%emt 0:00:04] White is more active.} Qf2 28. Qe5 Rg6 $2 (28... Qg2 $16) 29. Qe4 $1 {[%emt 0:00:01][%csl LRa8,LRg6] Weighted Error Value: White=0.07 (flawless) /Black=0.13 (very precise) .  Loses game:     	---       	Black=1      Mistake:       	White=1     	Black=2      Inaccurate:     	---       	Black=1      OK:         	White=13    	Black=6      Best:        	White=1     	---        Strong:       	White=2     	---} 1-0

[Event "Vugar Gashimov Memorial Blitz 2024"]
[Site "Shusha"]
[Date "2024.09.28"]
[Round "6.3"]
[White "Artemiev, Vladislav"]
[Black "Mamedov, Rauf"]
[Result "1/2-1/2"]
[ECO "E68"]
[WhiteElo "2701"]
[BlackElo "2637"]
[Annotator "TA"]
[PlyCount "87"]
[EventDate "2024.09.28"]
[EventType "tourn"]
[EventCountry "AZE"]
[SourceTitle "playchess.com"]
[Source "ChessBase"]
[SourceQuality "1"]
[TimeControl "180+2"]

1. d4 Nf6 2. c4 g6 3. g3 Bg7 4. Bg2 O-O 5. Nc3 d6 6. h3 Nbd7 7. e4 e5 8. Nge2 exd4 9. Nxd4 Ne5 10. b3 a6 11. O-O Bd7 12. Bg5 {[%emt 0:00:20] f4 is the strong threat.} h6 13. Be3 Re8 14. f4 {[%emt 0:00:39] White is slightly better.} Nc6 15. Qd2 (15. Rc1 $14) 15... Nxd4 $11 16. Bxd4 (16. Qxd4 $2 Nxe4 17. Nxe4 Bxd4 $19) 16... c5 17. Bxf6 Bxf6 18. e5 dxe5 19. Ne4 {[%emt 0:00:01][%cal Od2d7] Strongly threatening Qxd7!} Bg7 20. Rad1 Bc6 21. Nd6 {[%emt 0:00:03] [#]} (21. Qf2 $11 {keeps the balance.} Qe7 22. f5 gxf5 23. Qxf5) 21... exf4 $2 (21... e4 $1 $17 {And now ...Bd4+ would win.} 22. Nxe8 Bd4+ 23. Kh2 f5) 22. Qxf4 {[%emt 0:00:08] White is more active.} (22. Nxe8 $14 Bd4+ 23. Kh1 Qxe8 24. Qxf4 (24. Rxf4 Be3 $17)) 22... Rf8 23. Bxc6 bxc6 24. Nf5 {[%emt 0:00:02] Wards off Bd4+} Qb8 25. Ne7+ (25. Nxh6+ $2 Bxh6 26. Qxh6 Qxg3+ 27. Kh1 Rad8 $19) 25... Kh7 26. Qxb8 (26. Nxc6 Qc8 27. Rd6 Qxh3 $17) 26... Raxb8 27. Rd7 Rbd8 28. Rxd8 Rxd8 29. Rxf7 {[%emt 0:00:01][%mdl 4096] Endgame. KRB-KRN} Rd7 30. g4 a5 31. Kg2 Rd2+ 32. Kg1 Rxa2 33. Nxc6 a4 34. bxa4 Rxa4 35. Nd8 {[%emt 0:00:03] [#] Black must now prevent Ne6.} Kg8 (35... Rxc4 $2 {is the wrong capture.} 36. Ne6 Kh8 (36... Rc1+ $2 37. Kf2 $18) 37. Rxg7 $18 (37. Nxg7 Re4 $11)) 36. Rc7 Bd4+ 37. Kg2 {[%emt 0:00:01] The position is equal.} Rxc4 38. Ne6 Rc3 39. Nxd4 cxd4 40. Rd7 Rd3 41. h4 Rd1 42. Rd6 $1 Kf7 43. h5 $1 gxh5 44. gxh5 {[%emt 0:00:01] Weighted Error Value: White=0.12 (very precise) /Black=0.14 (very precise) .  Mistake:       	White=3     	Black=1      OK:         	White=16    	Black=13     Best:        	White=2     	Black=2      Strong:       	White=2     	---} 1/2-1/2

[Event "Vugar Gashimov Memorial Blitz 2024"]
[Site "Shusha"]
[Date "2024.09.28"]
[Round "6.4"]
[White "Abdusattorov, Nodirbek"]
[Black "Rapport, Richard"]
[Result "1-0"]
[ECO "B10"]
[WhiteElo "2766"]
[BlackElo "2715"]
[Annotator "TA"]
[PlyCount "91"]
[EventDate "2024.09.28"]
[EventType "tourn"]
[EventCountry "AZE"]
[SourceTitle "playchess.com"]
[Source "ChessBase"]
[SourceQuality "1"]
[TimeControl "180+2"]

1. e4 c6 2. Nf3 d5 3. d3 Qc7 4. Nc3 dxe4 5. dxe4 Nd7 6. Bc4 {[%emt 0:00:07] B10: Caro-Kann: 2 d3 and 2 c4.} b5 7. Bd3 $146 ({Predecessor:} 7. Bb3 e6 8. O-O Ngf6 9. Re1 Bd6 10. h3 a6 11. a4 Bb7 12. Qe2 Ne5 13. Be3 Nxf3+ 14. Qxf3 {½-½ Radjabov,T (2723)-Rapport,R (2731) Wch Blitz Samarkand 2023 (17)}) 7... e6 8. a4 b4 9. Nb1 Ne7 10. Nbd2 Ng6 11. Nc4 Ba6 12. g3 Bc5 13. Qe2 Bxc4 14. Bxc4 a5 15. b3 h5 (15... Nge5 $11 {remains equal.}) 16. Bb2 $16 h4 (16... Nge5 $16 {keeps fighting.}) 17. O-O-O Rg8 $2 (17... hxg3 $16 {is a better defense.} 18. hxg3 (18. Bxg7 $2 g2 $19) 18... Rxh1 19. Rxh1 Qa7) 18. Ng5 $18 (18. gxh4 Nf4 19. Qf1 f6 $18) (18. Nxh4 Nxh4 19. Qh5 (19. gxh4 Qf4+ 20. Kb1 Ke7 $18) 19... Ng6 $16) 18... Nde5 19. Bxe6 Qe7 20. Bf5 (20. Qh5 Rh8 (20... Bxf2 $2 21. Nxf7 Qxe6 22. Nxe5 $18) 21. Qe2 Qxg5+ $15 (21... fxe6 22. f4 $11)) 20... Qxg5+ 21. f4 Nxf4 $2 (21... Qe7 {might work better.} 22. Kb1 (22. Bxe5 Nxe5 23. fxe5 Qxe5 $16) 22... Rh8) 22. gxf4 $18 Qxf4+ 23. Kb1 g6 24. Rhf1 Qe3 25. Qxe3 Bxe3 26. Bh3 (26. Bxe5 gxf5 27. exf5 (27. Rxf5 Rd8 $14) 27... Kf8 $18) 26... f6 (26... g5 $142 27. Bxe5 g4) 27. Rxf6 $18 Nf7 28. e5 Ng5 29. Bg2 Rd8 30. Bxc6+ Ke7 31. Rxd8 $2 (31. Bd5 $18) 31... Rxd8 $16 32. Rxg6 Rd1+ 33. Ka2 Rd2 {[%emt 0:00:01] [#]} 34. e6 (34. Rg7+ $1 $16 Kf8 35. e6 Nxe6 36. Rg2) 34... Rxc2 $2 {[%emt 0:00:02] [#]} (34... Nxe6 $11 35. Be4 Rxh2) 35. Kb1 $1 $18 Rf2 (35... Rxc6 $2 {perishes.} 36. Bf6+ Kd6 (36... Kxe6 $2 37. Bxg5+ Kd7 38. Rxc6 $18) 37. e7 $18 (37. Bxg5 Rc1+ 38. Kb2 Bxg5 $11)) 36. Bd5 Kd6 37. Bc4 Ne4 $2 (37... Rd2 38. e7+ Kxe7) 38. e7+ $18 Kxe7 39. Re6+ Kd7 40. Rxe4 Bg5 41. Re2 Rf3 42. Kc2 h3 43. Bd4 Bf4 44. Rf2 Rxf2+ 45. Bxf2 Bxh2 46. Bf1 1-0

[Event "Vugar Gashimov Memorial Blitz 2024"]
[Site "Shusha"]
[Date "2024.09.28"]
[Round "7.1"]
[White "Rapport, Richard"]
[Black "Mamedyarov, Shakhriyar"]
[Result "0-1"]
[ECO "C77"]
[WhiteElo "2715"]
[BlackElo "2733"]
[Annotator "TA"]
[PlyCount "81"]
[EventDate "2024.09.28"]
[EventType "tourn"]
[EventCountry "AZE"]
[SourceTitle "playchess.com"]
[Source "ChessBase"]
[SourceQuality "1"]
[TimeControl "180+2"]

1. e4 e5 2. Nf3 Nc6 3. Bb5 a6 4. Ba4 Nf6 5. Nc3 b5 6. Bb3 Bc5 7. Nd5 d6 (7... Nxe4 8. d4 Bxd4 (8... exd4 9. O-O $18) (8... Nxd4 9. Nxd4 O-O 10. Nf5 $18) 9. Nxd4 Nxd4 10. Qg4 $14) (7... O-O $11) 8. d3 h6 9. c3 {[%emt 0:00:09] White has an edge.} Rb8 10. d4 Ba7 11. Be3 {[%emt 0:00:02] Strongly threatening dxe5.} exd4 12. cxd4 Nxd5 13. Bxd5 Ne7 14. Bb3 O-O 15. O-O c5 16. dxc5 Bxc5 17. Re1 Ng6 18. Rc1 Bxe3 19. Rxe3 Qf6 20. Qd4 Ne5 21. Nxe5 dxe5 22. Qa7 Bg4 23. h3 Bh5 (23... Ra8 $1 $11 24. Qb7 Rab8) 24. Bd5 $16 Qb6 25. Qe7 $36 {[%emt 0:00:09][%mdl 2048] White is on the roll.} Rfe8 (25... Qd4 $16 {might work better.}) 26. Qh4 $1 $18 Bg6 27. Rc6 Qd8 28. Qg3 Kh7 29. Rxa6 b4 30. Rd3 Qc7 31. Qe3 Qc2 32. Qd2 Qb1+ 33. Kh2 Rec8 34. Bb3 {[%emt 0:00:11] Wards off Rc2. Rd7 is the strong threat.} Rc1 35. f3 (35. Rd7 $16 Rf8 36. Kg3 (36. Qxb4 $2 Rh1+ 37. Kg3 Qc1 $19)) 35... Rh1+ $11 36. Kg3 Qg1 {[%emt 0:00:02] ...Qh2+ would now be deadly.} 37. Rc6 $2 {[%emt 0:00:24][%mdl 8192] [#]} (37. Rd7 $11 Qh2+ 38. Kh4) 37... Qh2+ $1 $19 38. Kh4 {[%emt 0:00:02] [#]} Rg1 $1 39. Rc2 Rb6 (39... Rc8 $142 40. f4 Rxc2 (40... Qxf4+ $2 {too greedy.} 41. Qxf4 exf4 42. Rxc8 $18) 41. Bxc2 Rxg2 (41... Bxe4 $2 {is the wrong capture.} 42. Rg3 $18) 42. Qe3 exf4 (42... Rxc2 43. Qg3 Qxg3+ 44. Kxg3 Bxe4 45. fxe5 Bxd3 46. b3 Rxa2 47. Kf4 Ra3 48. Ke3 Rxb3 49. Kd4 Rc3 50. h4 Bf5 51. h5 Rd3+ 52. Kc5 b3 53. e6 fxe6 54. Kc4 b2 55. Kb5 b1=Q+ 56. Kc4 Qc2+ 57. Kb5 Rb3+ 58. Ka6 Qa2#) 43. Qf3 Rg3 (43... Rxc2 {leads to mate.} 44. Rd7 Qg1 45. Qxf4 Qe1+ 46. Qg3 Qxe4+ 47. Qg4 Qe1+ 48. Qg3 Rc4+ 49. Rd4 Rxd4#) 44. Qxg3 fxg3 45. Rxg3 Qf2 (45... Qxc2 46. Rxg6 Qf2+ 47. Kg4 Kxg6 48. h4 h5+ 49. Kh3 Kf6 50. b3 Ke5 51. a3 Kf4 52. axb4 Qg3#) 46. Kg4 h5+ (46... Qxc2 $2 47. Kf3 $19) 47. Kh4 Kh6 (47... Qxc2 48. Rxg6 Qf2+ 49. Kxh5 Qf4 50. Rxg7+ Kxg7 51. e5 f5 52. exf6+ Kxf6 53. h4 Qf5+ 54. Kh6 Qg6#) 48. e5 Bxc2 49. b3 g5#) 40. Rd8 Rf6 41. Qf2 {[%emt 0:00:25] Weighted Error Value: White=0.57/Black=0.25 (precise) .  Loses game:     	White=1     	---        Mistake:       	White=1     	Black=3      Inaccurate:     	White=4     	Black=1      OK:         	White=15    	Black=10     Best:        	---       	Black=4      Strong:       	White=1     	Black=1} 0-1

[Event "Vugar Gashimov Memorial Blitz 2024"]
[Site "Shusha"]
[Date "2024.09.28"]
[Round "7.2"]
[White "Mamedov, Rauf"]
[Black "Abdusattorov, Nodirbek"]
[Result "0-1"]
[ECO "C50"]
[WhiteElo "2637"]
[BlackElo "2766"]
[Annotator "TA"]
[PlyCount "123"]
[EventDate "2024.09.28"]
[EventType "tourn"]
[EventCountry "AZE"]
[SourceTitle "playchess.com"]
[Source "ChessBase"]
[SourceQuality "1"]
[TimeControl "180+2"]

1. e4 e5 2. Nf3 Nc6 3. d4 exd4 4. Bc4 d6 5. Nxd4 Nf6 6. Nc3 Be7 7. O-O O-O 8. Re1 Ne5 9. Bf1 {[%emt 0:00:17] C50: Hungarian Defence and Giuoco Pianissimo.} Re8 10. h3 Bf8 11. a4 c6 12. a5 Ng6 $146 ({Predecessor:} 12... Bd7 13. Bg5 h6 14. Bh4 Ng6 15. Bg3 b5 16. axb6 axb6 17. Rxa8 Qxa8 18. Nb3 Qb8 19. f4 {0-1 Bulmaga,I (2416)-Relange,E (2462) Bastia op 2023 (5)}) 13. a6 Qc7 14. Bg5 Nd7 15. Nb3 b5 16. h4 h6 17. h5 Nge5 18. Bf4 Nc5 19. Nxc5 dxc5 20. Bg3 c4 21. Qd4 Qe7 22. Be2 Qg5 23. Rad1 Ng4 24. e5 Nxe5 25. Ne4 Qe7 26. Qc3 b4 27. Qd4 Bf5 28. Nd6 Qxd6 29. Qxd6 Bxd6 30. Rxd6 {[%emt 0:00:01] [#]} Nd3 (30... Bxc2 $6 31. Rc1 Be4 (31... Bd3 32. Bxd3 cxd3 33. Bxe5 $15) 32. f3 $11) (30... b3 $1 $17 31. Rc1 (31. Bxe5 Rxe5) 31... bxc2) 31. cxd3 $15 cxd3 32. f3 dxe2 33. Rxc6 ({Much weaker is} 33. Kf2 c5 34. Rxe2 Rxe2+ 35. Kxe2 Re8+ 36. Kd1 Rc8) 33... Bd3 34. Kf2 Re7 (34... b3 $142 35. Rc3 Red8 (35... Bxa6 $2 36. Bf4 $19)) 35. Rd6 $17 Bb5 36. Bf4 (36. Rc1 $1 $15) 36... Rc8 $17 37. Bd2 b3 38. g4 Re6 (38... Rc2 $19 39. Bc3 Kh7) 39. Rd4 (39. Rd5 $17 Bc4 (39... Bxa6 $2 40. Rd7 $19) 40. Rd4) 39... Bxa6 (39... Rc2 $1 $19 40. Bc3 Rb6 (40... Bxa6 41. Rd7 $17) (40... Rxa6 $2 41. Rb4 $19)) 40. Rb4 (40. Rd7 $17) 40... Rc2 $19 41. Bc3 Rb6 42. Rxb6 (42. Rd4 {is a better defense.}) 42... axb6 $19 43. Ke3 f6 44. f4 Kf7 45. Kd4 Bc8 46. f5 Bb7 (46... Ba6 $142 47. Rb1 b5) 47. Ke3 $2 (47. Kc4 {was the only chance.} Ba6+ 48. Kxb3) 47... Ba6 $19 48. Kd4 Ke7 49. Ra1 Bb5 50. Bb4+ Kd7 51. Bc3 Kc6 52. Re1 Ba6 53. Ra1 (53. Ke3 $142) 53... Kb5 $19 54. Re1 Bb7 55. Kd3 Bf3 56. Rg1 Kc6 57. Bd2 (57. Kc4 $142 Bd5+ (57... Bxg4 $2 58. Kxb3 Bxf5 59. Kc4 $19) 58. Kd4) 57... Rxb2 $19 58. Ke3 Bd5 59. Kxe2 Rc2 $2 (59... Be4 {[%cal Ob2d2] Threatens to win with ...Rxd2+!} 60. Ke3 Rxd2 61. Kxe4 b2) 60. Rb1 $2 (60. Rc1) 60... Bc4+ 61. Ke3 b2 62. Kd4 0-1

[Event "Vugar Gashimov Memorial Blitz 2024"]
[Site "Shusha"]
[Date "2024.09.28"]
[Round "7.3"]
[White "Aravindh, Chithambaram VR."]
[Black "Artemiev, Vladislav"]
[Result "0-1"]
[ECO "D05"]
[WhiteElo "2698"]
[BlackElo "2701"]
[Annotator "TA"]
[PlyCount "70"]
[EventDate "2024.09.28"]
[EventType "tourn"]
[EventCountry "AZE"]
[SourceTitle "playchess.com"]
[Source "ChessBase"]
[SourceQuality "1"]
[TimeControl "180+2"]

1. d4 Nf6 2. Nf3 e6 3. e3 c5 4. Bd3 d5 5. b3 Nc6 6. O-O cxd4 7. exd4 Qc7 8. a3 g6 9. Re1 Bg7 {[%emt 0:00:01] The position is equal.} 10. Bb2 O-O 11. Nbd2 b6 12. c4 dxc4 13. bxc4 Bb7 14. Rc1 $1 Rfd8 15. Bf1 (15. Qe2 $11) 15... Ng4 $15 16. h3 {[%emt 0:00:23] [#]} Nxd4 $1 {[%emt 0:00:42] Black has more active pieces.} 17. Bxd4 (17. hxg4 Nxf3+ 18. gxf3 Bxb2 $19) 17... Bxf3 $40 {[%emt 0:00:01][%mdl 128] Black mounts an attack.} 18. Nxf3 Bxd4 $1 19. hxg4 {[%emt 0:00:24] [#]} Bxf2+ 20. Kxf2 Rxd1 21. Rexd1 {[%emt 0:00:04] [#] This move loses the game for White.} (21. Rcxd1 $15 Rd8 22. Rxd8+ Qxd8 23. g5) 21... Qc5+ $1 $19 22. Kg3 Qxa3 23. c5 bxc5 24. Rb1 Qa4 25. g5 Qc6 {[%emt 0:00:02] Dodges Rd6} 26. Bb5 Qc7+ 27. Kf2 Rb8 28. Bc4 Rb4 29. Rbc1 Rb2+ 30. Be2 c4 31. Rd4 c3 {[%emt 0:00:03] ...Qb6 is the strong threat.} 32. Ke3 Qb6 {[%emt 0:00:05] Threatens to win with ...Qc5.} 33. Kd3 Qb5+ 34. Rc4 {[%emt 0:00:02] [#]} Rxe2 $1 35. Nd4 {[%emt 0:00:02] [#]} (35. Kxe2 Qxc4+) 35... Re3+ $3 {[%emt 0:00:03][%mdl 512] Weighted Error Value: White=1.04/Black=0.35.  Mistake:       	White=2     	---        Inaccurate:     	White=6     	Black=1      OK:         	White=4     	Black=16     Best:        	White=2     	Black=2      Strong:       	White=1     	Black=2      Brilliant:      	---       	Black=1} 0-1

[Event "Vugar Gashimov Memorial Blitz 2024"]
[Site "Shusha"]
[Date "2024.09.28"]
[Round "7.4"]
[White "Suleymanli, Aydin"]
[Black "Nepomniachtchi, Ian"]
[Result "1-0"]
[ECO "B90"]
[WhiteElo "2632"]
[BlackElo "2755"]
[Annotator "TA"]
[PlyCount "63"]
[EventDate "2024.09.28"]
[EventType "tourn"]
[EventCountry "AZE"]
[SourceTitle "playchess.com"]
[Source "ChessBase"]
[SourceQuality "1"]
[TimeControl "180+2"]

1. e4 c5 2. Nf3 d6 3. d4 cxd4 4. Nxd4 Nf6 5. Nc3 a6 6. Bd3 e5 7. Nde2 Nc6 8. O-O Be6 {[%emt 0:00:01] Wards off Nd5} 9. f4 exf4 {[%emt 0:00:01] The position is equal.} 10. Nxf4 Ne5 11. Be3 Be7 12. h3 O-O 13. Kh1 Qd7 14. Bd4 Rae8 15. Qd2 Bd8 16. Rae1 Nc6 17. Bf2 Ne5 18. Bd4 b5 19. a3 Qc6 20. Qf2 Qb7 21. Qg3 Bb6 22. Nxe6 (22. Bxb6 {with more complications.} Qxb6 23. Rd1 Rc8 24. Nfe2) 22... fxe6 (22... Rxe6 {simplifies} 23. Bxe5 dxe5 24. Rd1 Qe7) 23. Bxe5 dxe5 24. Qxe5 Bc7 25. Qg5 h6 $2 {[%emt 0:00:03][%mdl 8192] Black cannot hold the game after this.} (25... Nd7 $14) 26. Qg6 $18 {[%emt 0:00:11][%cal Of1f6] aiming for Rxf6!} Be5 {[%emt 0:00:03] [#]} 27. Rxf6 $1 Bxf6 {[%emt 0:00:38] Black is weak on the light squares} (27... Qe7 $142 28. Rff1 Rxf1+ 29. Rxf1 Rf8 30. Rxf8+ Kxf8) 28. e5 Rd8 29. Qh7+ Kf7 30. Bg6+ (30. exf6 $142 Rg8 31. fxg7 Qc6 32. Qg6+ (32. Qxh6 Rxg7 33. Rf1+ Kg8 $18) 32... Ke7 33. Ne4 (33. Qxh6 Kd7 $18) 33... Rd5 34. Qf6+ (34. Qxh6 Kd8 $18) (34. Nf6 Rgd8 $18) 34... Kd7 35. Qf7+ (35. Qxh6 Kc8 $18) 35... Kc8 36. Qxg8+ Kc7 37. Qf7+ Rd7 38. Qf4+ (38. g8=Q Rxf7 39. Qxf7+ Kb6 40. Qf2+ Kc7 41. Nc5 h5 42. Qf7+ Kb6 43. Rxe6 Qxe6) 38... Kb7 39. g8=Q (39. g8=B Qc7 $18) (39. Nc5+ Qxc5 40. Be4+ Kb6 41. g8=Q Ka5 42. Qxe6 h5)) 30... Ke7 31. exf6+ Kxf6 32. Ne4+ {[%emt 0:01:12] Weighted Error Value: White=0.03 (flawless) /Black=0.79.  Loses game:     	---       	Black=1      Mistake:       	---       	Black=1      Inaccurate:     	---       	Black=3      OK:         	White=6     	Black=11     Best:        	White=2     	---        Strong:       	White=1     	---} 1-0